 Dungeon Crawl Stone Soup version 0.24.0-10-g970556be89 (webtiles) character file.

Game seed: 2811743668242942538, levelgen mode: deterministic

133555 Aviak the Tortoise (level 16, -1/151 (152) HPs)
             Began as a Minotaur Fighter on Nov 3, 2019.
             Was the Champion of Okawaru.
             Slain by a wind drake (7 damage)
             ... on level 3 of the Shoals.
             The game lasted 00:33:11 (21078 turns).

Aviak the Tortoise (Minotaur Fighter)              Turns: 21078, Time: 00:33:11

HP:   -1/151 (152)  AC: 34    Str: 35    XL:     16   Next: 60%
MP:   0/23          EV: 14    Int:  5    God:    Okawaru [******]
Gold: 1827          SH: 25    Dex: 10    Spells: 15/15 levels left

rFire    + . .     SeeInvis .   K - +8 flail of the Realm of Zot {vamp, Str+7, !w}
rCold    . . .     Gourm    .   c - +0 large shield (curse)
rNeg     . . .     Faith    .   y - +8 plate armour of Nihilism {+Blink rElec rF+ rCorr}
rPois    .         Spirit   +   (helmet restricted)
rElec    +         Reflect  .   k - scarf {repulsion}
rCorr    +         Harm     .   (no gloves)
MR       +....                  (no boots)
Stlth    ..........             C - amulet of guardian spirit
HPRegen  0.35/turn              a - +3 ring of protection
MPRegen  0.18/turn              A - +4 ring of protection

@: heroism, engulfed (cannot breathe), mesmerised, repel missiles, very slow
A: retaliatory headbutt, horns 2
a: Heroism, Finesse, Renounce Religion, Evoke Blink


You were on level 3 of the Shoals.
You worshipped Okawaru.
Okawaru was exalted by your worship.
You were hungry.

You visited 4 branches of the dungeon, and saw 26 of its levels.
You visited the Abyss 1 time.

You collected 2472 gold pieces.
You spent 645 gold pieces at shops.

Inventory:

Hand Weapons
 K - the +8 flail of the Realm of Zot (weapon) {vamp, Str+7, !w}
   (Okawaru gifted it to you on level 10 of the Dungeon)

   It inflicts no extra harm, but heals its wielder when it wounds a living foe.
   It affects your strength (+7).
Armour
 c - a cursed +0 large shield (worn)
 k - a scarf of repulsion (worn)
 y - the +8 plate armour of Nihilism (worn) {+Blink rElec rF+ rCorr}
   (You found it on level 5 of the Dungeon)

   It protects you from fire.
   It insulates you from electricity.
   It lets you blink.
   It provides partial protection from all sources of acid and corrosion.
Jewellery
 a - a +3 ring of protection (left hand)
 A - a +4 ring of protection (right hand)
 C - an amulet of guardian spirit (around neck)
 E - an uncursed ring of wizardry {unknown}
 N - an uncursed ring of protection from cold {unknown}
 R - an uncursed ring of protection from cold {unknown}
 W - an uncursed ring of protection from magic {unknown}
 Y - an uncursed ring of resist corrosion {unknown}
Wands
 b - a wand of scattershot (3)
 H - a wand of digging (9)
 L - a wand of acid (28)
 M - a wand of iceblast (13)
 T - a wand of flame (75)
 X - a wand of clouds (5)
Scrolls
 g - a scroll of brand weapon {unknown}
 h - 10 scrolls of teleportation
 l - 27 scrolls of identify {unknown}
 n - 11 scrolls of remove curse {unknown}
 r - 3 scrolls of vulnerability {unknown}
 s - 6 scrolls of amnesia {unknown}
 u - 4 scrolls of enchant weapon {unknown}
 B - 2 scrolls of acquirement {unknown}
 D - 3 scrolls of fog {unknown}
 F - 3 scrolls of enchant armour {unknown}
 G - 2 scrolls of silence {unknown}
 I - 3 scrolls of torment {unknown}
 O - a scroll of summoning {unknown}
 P - 6 scrolls of fear {unknown}
 S - 4 scrolls of blinking
 U - a scroll of magic mapping {unknown}
 V - 2 scrolls of random uselessness {unknown}
 Z - a scroll of immolation {unknown}
Potions
 d - 3 potions of might
 e - 5 potions of mutation {unknown}
 i - 7 potions of curing
 j - a potion of lignification {unknown}
 m - 5 potions of heal wounds {unknown}
 o - 2 potions of ambrosia {unknown}
 p - 7 potions of flight {unknown}
 q - 3 potions of degeneration {unknown}
 t - a potion of invisibility {unknown}
 v - 5 potions of haste
 x - 4 potions of agility {unknown}
 z - 2 potions of berserk rage {unknown}
 J - 5 potions of cancellation {unknown}
 Q - 3 potions of brilliance {unknown}
Comestibles
 f - 42 rations


   Skills:
 + Level 16.6(21.6) Fighting
 - Level 14.0(19.0) Maces & Flails
 + Level 16.6(21.6) Armour
 + Level 7.4(12.4) Dodging
 + Level 15.8(20.8) Shields
 - Level 11.0 Invocations
 + Level 6.2 Evocations


You had 15 spell levels left.
You didn't know any spells.
Your spell library contained the following spells:

 Spells                   Type           Power        Failure   Level  Hunger
 Animate Skeleton         Necr           N/A          96%         1    ##.....
 Apportation              Tloc           #.....       96%         1    ##.....
 Beastly Appendage        Tmut           #.....       96%         1    ##.....
 Confusing Touch          Hex            #.....       96%         1    ##.....
 Corona                   Hex            #......      96%         1    ##.....
 Infusion                 Chrm           #...         96%         1    ##.....
 Pain                     Necr           #...         96%         1    ##.....
 Summon Small Mammal      Summ           #...         96%         1    ##.....
 Corpse Rot               Necr           N/A          99%         2    ###....
 Shroud of Golubria       Chrm/Tloc      #.....       99%         2    ###....
 Slow                     Hex            #.......     99%         2    ###....
 Song of Slaying          Chrm           #.......     99%         2    ###....
 Sticks to Snakes         Tmut           #.......     99%         2    ###....
 Sublimation of Blood     Necr           #.........   99%         2    ###....
 Confuse                  Hex            #.......     100%        3    ####...
 Gell's Gravitas          Tloc           #.........   100%        3    ####...
 Ignite Poison            Fire/Tmut/Pois #.......     100%        3    ####...
 Inner Flame              Hex/Fire       #.......     100%        3    ####...
 Ozocubu's Armour         Chrm/Ice       #.......     100%        3    ####...
 Portal Projectile        Hex/Tloc       #.....       100%        3    ####...
 Regeneration             Chrm/Necr      #.........   100%        3    ####...
 Spectral Weapon          Hex/Chrm       #.......     100%        3    ####...
 Spider Form              Tmut/Pois      #.........   100%        3    ####...
 Summon Guardian Golem    Hex/Summ       #.......     100%        3    ####...
 Vampiric Draining        Necr           #.........   100%        3    ####...
 Animate Dead             Necr           N/A          100%        4    #####..
 Cause Fear               Hex            #.........   100%        4    #####..
 Ice Form                 Ice/Tmut       #.......     100%        4    #####..
 Leda's Liquefaction      Hex/Erth       #.........   100%        4    #####..
 Petrify                  Tmut/Erth      #.......     100%        4    #####..
 Agony                    Necr           #.......     100%        5    ######.
 Blade Hands              Tmut           #.........   100%        5    ######.
 Bolt of Draining         Conj/Necr      #.........   100%        5    ######.
 Dispel Undead            Necr           #.......     100%        5    ######.
 Excruciating Wounds      Chrm/Necr      #.........   100%        5    ######.
 Fireball                 Conj/Fire      #.........   100%        5    ######.
 Metabolic Englaciation   Hex/Ice        #.........   100%        5    ######.
 Yara's Violent Unravell  Hex/Tmut       #.........   100%        5    ######.
 Bolt of Fire             Conj/Fire      #.........   100%        6    #######
 Darkness                 Hex            #.........   100%        6    #######
 Ring of Flames           Chrm/Fire      #.........   100%        7    #######
 Ignition                 Fire           #.........   100%        8    #######


Dungeon Overview and Level Annotations

Branches:
Dungeon (15/15)            Temple (0/1) D:7            Lair (6/6) D:10
 Shoals (3/4) Lair:2       Spider (0/4) Lair:4        Slime (0/5) Lair:6
    Orc (2/2) D:9             Elf (0/3) Orc:2        Vaults (0/5) D:13
 Depths (0/5) D:15

Altars:
Gozag
Makhleb
Okawaru
Ru
Trog
Beogh
Jiyva

Shops:
Orc:2 :*[(

Annotations:
D:3 3 runed translucent doors, Monsterracer's ghost, amateur MiAM
Lair:2 3 runed translucent doors, exclusion: oklob plant, Cato's ghost, journeyman DECj
Lair:3 3 runed translucent doors, exclusion: oklob plant, Inarius's ghost, journeyman KoMo
Lair:6 1 runed translucent door


Innate Abilities, Weirdness & Mutations

You reflexively headbutt those who attack you in melee.
You have a pair of horns on your head.


Message History

* * * LOW HITPOINT WARNING * * *
Your lungs strain for air!
The merfolk is engulfed in negative energy.
The merfolk is drained!
You block the merfolk's attack. The wind drake bites you.
* * * LOW HITPOINT WARNING * * *
A manticore comes into view.
The merfolk siren chants its luring song.
You block the merfolk impaler's attack.
Unknown command.
Unknown command.
Unknown command.
Your unstable footing causes you to fumble your attack.
* * * LOW HITPOINT WARNING * * *
Your lungs strain for air!
You block the water elemental's attack. x2
The merfolk hits you from afar with a +0 trident.
* * * LOW HITPOINT WARNING * * *
The wind drake bites you!
You die...

≈≈≈≈^.....#####.≈
≈≈≈≈≈≈.......#..H≈≈
≈≈≈≈≈≈≈≈≈.......≈m≈≈
≈≈≈≈≈≈≈.≈≈....≈≈≈≈≈≈
≈≈≈≈≈≈≈..≈≈..≈≈≈≈≈≈≈
≈≈≈≈≈.≈.≈)))..≈≈≈≈≈≈
≈≈≈≈....≈≈≈≈≈tm.≈≈≈≈
≈≈≈≈≈≈.!.≈†≈≈≈mm≈≈≈≈
≈≈≈≈≈.......@E§§≈≈≈≈
≈≈≈≈≈≈..≈≈.kE§m§§≈≈≈
..≈.....##....§§§≈≈≈
..#..###..#######§§≈≈≈
.....###.)### .§≈≈≈
........)))(## #.≈≈≈≈≈
..≈≈≈....).[(#...≈≈≈..
..≈≈≈≈≈≈≈≈..<....≈≈≈..
..≈≈≈≈≈≈≈≈≈≈.....≈≈≈


You could see a merfolk impaler, a snapping turtle, a wind drake, 3 merfolk, a
manticore, 2 water elementals and a merfolk siren.

Vanquished Creatures
  Polyphemus (Shoals:3)
  Gastronok (D:8)
  An orc warlord (Orc:2)
  A dire elephant (Lair:6)
  An ettin (Orc:2)
  Snorg (Lair:3)
  4 merfolk impalers
  Josephine (Shoals:1)
  7 slime creatures
  7 hydras
  3 vault guards (D:13)
  A death knight (D:14)
  6 centaur warriors
  12 two-headed ogres
  2 merfolk avatars
  2 merfolk aquamancers (Shoals:3)
  A catoblepas (Shoals:3)
  An ogre mage (Orc:2)
  5 death yaks
  A titan zombie (D:15)
  3 orc high priests (Orc:2)
  A vampire mage (D:15)
  Nergalle (D:11)
  5 unseen horrors
  7 skeletal warriors
  5 sea snakes
  2 lindwurms (Lair:6)
  A phantasmal warrior (D:14)
  2 wizards
  Pikel (D:7)
  A necromancer (D:15)
  8 harpies (Shoals:1)
  8 orc knights
  An iron dragon zombie (D:15)
  11 fauns
  6 orc sorcerers
  A deep elf mage (D:12)
  4 ugly things (D:15)
  10 manticores
  A stone giant zombie (D:15)
  2 cyclopes
  5 merfolk sirens
  2 black mambas
  2 elephants (Lair:6)
  2 centaur zombies
  Joseph (D:9)
  3 water nymphs
  5 torpor snails (Lair:6)
  2 gargoyles
  Psyche (D:9)
  2 kobold demonologists (D:15)
  11 spiny frogs
  3 rime drakes
  2 yaktaurs (D:13)
  An efreet (D:14)
  8 komodo dragons
  3 freezing wraiths (D:14)
  12 merfolk
  A jumping spider (shapeshifter) (D:13)
  3 wind drakes
  4 tyrant leeches (Lair:6)
  9 hornets
  4 trolls
  Prince Ribbit (D:6)
  16 dream sheep
  2 snapping turtles
  19 blink frogs
  An ice dragon zombie (D:15)
  8 hippogriffs
  6 wraiths
  5 water elementals
  4 wyverns
  31 yaks
  4 hogs (D:7)
  A human (D:7)
  A hungry ghost (D:12)
  4 basilisks
  4 vampire mosquitoes (D:12)
  2 wargs
  2 acid dragons
  18 water moccasins
  Duvessa (D:7)
  A soldier ant (D:13)
  13 porcupines
  54 orc warriors
  A meliai simulacrum (D:15)
  4 sky beasts
  8 ice beasts
  A slave (D:7)
  A black bear (D:6)
  2 eyes of draining (D:4)
  A necrophage (D:6)
  3 phantoms
  7 wolves
  12 ogres
  21 centaurs
  9 crocodiles
  2 big kobolds
  25 bullfrogs
  Dowan (D:7)
  3 wyvern skeletons
  A scorpion (D:8)
  5 howler monkeys
  3 wights (D:11)
  2 electric eels
  2 bullfrog zombies
  7 crimson imps
  A quasit (D:5)
  A bullfrog skeleton (D:10)
  33 orc priests
  A centaur skeleton (D:7)
  4 jellies
  32 orc wizards
  7 hounds
  4 iguanas
  A hell rat (Lair:6)
  8 worker ants
  A killer bee zombie (D:5)
  A hound skeleton (D:6)
  2 worker ant zombies
  Robin (D:4)
  11 gnolls
  A howler monkey skeleton (D:4)
  19 adders
  3 shadow imps
  4 oozes (Lair:6)
  An adder skeleton (D:5)
  An adder zombie (D:5)
  3 worms
  A dart slug (D:1)
  7 leopard geckos
  140 orcs
  2 giant cockroaches (D:4)
  18 goblins
  5 hobgoblins
  12 jackals
  A quokka (D:4)
  A ball python (D:2)
  6 bats
  5 frilled lizards
  2 jackal skeletons
  8 kobolds
  A leopard gecko skeleton (D:7)
  A quokka zombie (D:7)
  A rat (D:1)
896 creatures vanquished.

Vanquished Creatures (others)
  An orc (Orc:2)
  2 bushes (D:10)
  4 fungi
  27 plants
34 creatures vanquished.

Grand Total: 930 creatures vanquished

Notes
Turn   | Place    | Note
-------+----------+-------------------------------------------
     0 | D:1      | Aviak the Minotaur Fighter began the quest for the Orb.
     0 | D:1      | Reached XP level 1. HP: 19/19 MP: 0/0
   202 | D:1      | Reached XP level 2. HP: 20/27 MP: 1/1
   730 | D:2      | Reached XP level 3. HP: 33/33 MP: 2/2
  1166 | D:3      | Found an iron altar of Okawaru.
  1209 | D:3      | Became a worshipper of Warmaster Okawaru
  1225 | D:3      | Reached XP level 4. HP: 37/41 MP: 3/3
  1391 | D:3      | Reached XP level 5. HP: 47/47 MP: 4/4
  1559 | D:3      | Found a runed translucent gate.
  1559 | D:3      | Found a runed translucent gate.
  1559 | D:3      | Found a runed translucent gate.
  1565 | D:3      | Noticed Monsterracer's ghost (amateur MiAM)
  2196 | D:4      | Noticed Robin
  2199 | D:4      | Killed Robin
  2208 | D:4      | Noticed an eye of draining
  2217 | D:4      | Reached skill level 1 in Invocations
  2236 | D:4      | Killed an eye of draining
  2236 | D:4      | Reached * piety under Okawaru
  2236 | D:4      | Reached skill level 5 in Armour
  2236 | D:4      | Reached skill level 5 in Shields
  2236 | D:4      | Reached XP level 6. HP: 55/55 MP: 0/6
  2270 | D:4      | Reached skill level 5 in Fighting
  2628 | D:4      | Found a bloodstained altar of Trog.
  2635 | D:4      | Reached XP level 7. HP: 61/61 MP: 1/7
  2681 | D:5      | Entered Level 5 of the Dungeon
  2716 | D:5      | Reached ** piety under Okawaru
  2826 | D:5      | Reached skill level 5 in Maces & Flails
  2975 | D:5      | Got a dazzling plate armour
  2986 | D:5      | Identified the +8 plate armour of Nihilism {+Blink rElec
                  | rF+ rCorr} (You found it on level 5 of the Dungeon)
  3321 | D:6      | Reached XP level 8. HP: 63/70 MP: 9/9
  3794 | D:6      | Noticed Prince Ribbit
  3881 | D:6      | Reached *** piety under Okawaru
  4062 | D:6      | Killed Prince Ribbit
  4163 | D:7      | Reached XP level 9. HP: 78/78 MP: 11/11
  4388 | D:7      | Noticed Pikel
  4405 | D:7      | Killed Pikel
  4405 | D:7      | Reached skill level 5 in Invocations
  4480 | D:7      | Reached **** piety under Okawaru
  4545 | D:7      | Noticed a two-headed ogre
  4554 | D:7      | Killed a two-headed ogre
  4554 | D:7      | Reached XP level 10. HP: 87/89 MP: 10/13
  4556 | D:7      | Found a staircase to the Ecumenical Temple.
  4703 | D:7      | Noticed Dowan
  4705 | D:7      | Noticed Duvessa
  4720 | D:7      | Killed Duvessa
  4725 | D:7      | Killed Dowan
  5389 | D:8      | Noticed Gastronok
  5409 | D:8      | Killed Gastronok
  5409 | D:8      | Reached ***** piety under Okawaru
  5409 | D:8      | Received a gift from Okawaru
  5952 | D:9      | Got a twisted mace
  5953 | D:9      | Lost intelligence.
  5953 | D:9      | Identified the +7 mace of Causality {drain, *Corrode +Rage
                  | Int-5 SInv} (You found it on level 9 of the Dungeon)
  5995 | D:9      | Noticed Psyche
  5995 | D:9      | Noticed Joseph
  6000 | D:9      | Cast into level 2 of the Abyss (Psyche)
  6005 | Abyss:2  | Found a corrupted altar of Lugonu.
  6032 | Abyss:2  | Found a stormy altar of Qazlal.
  6036 | D:9      | Escaped the Abyss
  6250 | D:9      | Killed Joseph
  6252 | D:9      | Reached XP level 11. HP: 93/98 MP: 12/15
  6269 | D:9      | Killed Psyche
  6269 | D:9      | Reached skill level 10 in Fighting
  6269 | D:9      | Reached skill level 10 in Shields
  6479 | D:9      | Found a roughly hewn altar of Beogh.
  6482 | D:9      | Reached skill level 10 in Armour
  6710 | D:9      | Found a staircase to the Orcish Mines.
  6825 | D:10     | Entered Level 10 of the Dungeon
  6856 | D:10     | Received a gift from Okawaru
  6861 | D:10     | Got a warped flail {god gift}
  6864 | D:10     | Identified the +8 flail of the Realm of Zot {vamp, Str+7}
                  | (Okawaru gifted it to you on level 10 of the Dungeon)
  6870 | D:10     | Reached skill level 10 in Maces & Flails
  6873 | D:10     | Reached ****** piety under Okawaru
  6912 | D:10     | Killed an unseen horror
  7032 | D:10     | Found a sacrificial altar of Ru.
  7097 | D:10     | Found a staircase to the Lair.
  7126 | D:10     | Received a gift from Okawaru
  7657 | Lair:1   | Entered Level 1 of the Lair of Beasts
  7948 | Lair:1   | Noticed a seven-headed hydra
  7955 | Lair:1   | Killed a seven-headed hydra
  8386 | Lair:2   | Reached XP level 12. HP: 109/109 MP: 15/17
  8390 | Lair:2   | Received a gift from Okawaru
  8423 | Lair:2   | Found a staircase to the Shoals.
  8717 | Lair:2   | Found a runed translucent gate.
  8719 | Lair:2   | Found a runed translucent gate.
  8719 | Lair:2   | Noticed a 12-headed hydra
  8832 | Lair:2   | Found a runed translucent gate.
  8834 | Lair:2   | Noticed Cato's ghost (journeyman DECj)
  8834 | Lair:2   | Noticed a ten-headed hydra
  9100 | Lair:3   | Found a runed translucent gate.
  9100 | Lair:3   | Found a runed translucent gate.
  9100 | Lair:3   | Found a runed translucent gate.
  9112 | Lair:3   | Received a gift from Okawaru
  9178 | Lair:3   | Noticed Snorg
  9194 | Lair:3   | Killed Snorg
  9602 | Lair:3   | Found a viscous altar of Jiyva.
  9602 | Lair:3   | Noticed Inarius's ghost (journeyman KoMo)
 10089 | Lair:4   | Found a hole to the Spider Nest.
 10924 | Lair:5   | Reached XP level 13. HP: 117/117 MP: 19/19
 11256 | Lair:5   | Reached skill level 10 in Invocations
 11821 | Lair:6   | Entered Level 6 of the Lair of Beasts
 11886 | Lair:6   | Received a gift from Okawaru
 11930 | Lair:6   | Found a staircase to the Slime Pits.
 12547 | Lair:6   | Received a gift from Okawaru
 12597 | Lair:6   | Noticed a dire elephant
 12608 | Lair:6   | Killed a dire elephant
 12712 | Lair:6   | Paralysed by a hornet for 2 turns
 12727 | Lair:6   | Found a runed translucent door.
 12728 | Lair:6   | Noticed a fire dragon
 12858 | Lair:6   | Paralysed by a hornet for 2 turns
 13246 | Orc:1    | Entered Level 1 of the Orcish Mines
 13267 | Orc:1    | Reached XP level 14. HP: 128/128 MP: 13/21
 13467 | Orc:1    | Found a roughly hewn altar of Beogh.
 13642 | Orc:2    | Entered Level 2 of the Orcish Mines
 13743 | Orc:2    | Found a burning altar of Makhleb.
 13791 | Orc:2    | Received a gift from Okawaru
 13897 | Orc:2    | Found a staircase to the Elven Halls.
 14485 | Orc:2    | Noticed an orc warlord
 14495 | Orc:2    | Killed an orc warlord
 14686 | Orc:2    | Found Xoami's General Store.
 14687 | Orc:2    | Found Losaipor's Book Shoppe.
 14688 | Orc:2    | Found Zehoa's Antique Armour Shoppe.
 14688 | Orc:2    | Found Suceyc's Antique Weapon Emporium.
 14724 | Orc:2    | Bought a scroll of blinking for 127 gold pieces
 14724 | Orc:2    | Bought a potion of haste for 170 gold pieces
 14724 | Orc:2    | Bought a scroll of teleportation for 51 gold pieces
 14724 | Orc:2    | Bought a potion of haste for 170 gold pieces
 14724 | Orc:2    | Bought a scroll of blinking for 127 gold pieces
 15499 | D:11     | Noticed Nergalle
 15520 | D:11     | Killed Nergalle
 15740 | D:12     | Received a gift from Okawaru
 15883 | D:12     | Reached XP level 15. HP: 110/138 MP: 22/22
 16277 | D:12     | Reached skill level 15 in Armour
 16318 | D:12     | Identified the Collected Works on Beguiling
 16649 | D:13     | Reached skill level 15 in Fighting
 16664 | D:13     | Reached skill level 15 in Shields
 16816 | D:13     | Reached skill level 1 in Dodging
 16871 | D:13     | Reached skill level 1 in Evocations
 16888 | D:13     | Found a gate to the Vaults.
 16994 | D:13     | Received a gift from Okawaru
 17150 | D:13     | Identified the Guide on Creative Good Luck
 18238 | D:15     | Entered Level 15 of the Dungeon
 18290 | D:15     | Received a gift from Okawaru
 18362 | D:15     | Found a staircase to the Depths.
 18409 | D:15     | Reached skill level 5 in Dodging
 18613 | D:15     | Received a gift from Okawaru
 19284 | Shoals:1 | Entered Level 1 of the Shoals
 19401 | Shoals:1 | Reached XP level 16. HP: 150/150 MP: 20/23
 19525 | Shoals:1 | Found an opulent altar of Gozag.
 19558 | Shoals:1 | Noticed Josephine
 19574 | Shoals:1 | Killed Josephine
 19577 | Shoals:1 | Reached skill level 5 in Evocations
 19616 | Shoals:1 | Received a gift from Okawaru
 20921 | Shoals:3 | Noticed Polyphemus
 20941 | Shoals:3 | Killed Polyphemus
 20941 | Shoals:3 | Received a gift from Okawaru
 21078 | Shoals:3 | HP: 6/151 [merfolk/+0 trident (5)]
 21078 | Shoals:3 | Slain by a wind drake

Levels and vault maps discovered:
D:1:      nicolae_arrival_somewhat_less_tricky_arrival, layout_loops_ring,
          minivault_25
D:2:      layout_rooms
D:3:      layout_basic, okawaru_metal_pillars_1_2, gammafunk_ghost_necromancy
D:4:      layout_rooms, first_ration, trog_eyes_of_draining, uniq_robin
D:5:      layout_loops_ring, item_on_display_a
D:6:      layout_layer_cave, hangedman_decor_lopped, hangedman_decor_riveting,
          uniq_prince_ribbit1
D:7:      layout_basic, minmay_temple_entry_ruins, grunt_livestock,
          uniq_duvessa, uniq_pikel
D:8:      layout_basic, uniq_gastronok
D:9:      layout_loops_ring, david_orc_4, special_room [special_room_orc],
          uniq_psyche, uniq_joseph
D:10:     layout_loops_ring, minmay_lair_entry_grove, nicolae_ru_awakened_eye
D:11:     layout_roguey, uniq_nergalle
D:12:     layout_stronghold, serial_glass, glass_columns_a, glass_columns_b,
          chequers_arboretum
D:13:     layout_irregular_city, grunt_vaults_entry_fortified,
          minmay_fractal_squares_diagonal_5
D:14:     layout_irregular_city, minmay_misc_feat_x, minmay_statues_item
D:15:     gammafunk_depths_entry_grave, layout_loops_ring
Lair:1:   layout_regular_city, st_stairs_5, chequers_serial_rivers_marsh,
          lemuel_old_faithful, infiniplex_staircase_pool
Lair:2:   layout_long_grid, elwin_shoals_entry_rocks,
          gammafunk_ghost_hydra_chop, grunt_megastairs_5, serial_bayou_shore_b,
          serial_bayou_shore_b, serial_bayou_shore_b,
          infiniplex_staircase_pool_2, minmay_lair_oklob_chamber
Lair:3:   layout_loops_ring, gammafunk_ghost_ooze, minmay_lair_oklob_bushes,
          uniq_snorg
Lair:4:   layout_layer_cave, spider_nest_entry_web_field, grunt_megastairs_1,
          serial_bayou_shore_a
Lair:5:   layout_cave_pods
Lair:6:   wormcave, layout_cave_pods, hangedman_lair_in_review,
          nicolae_slime_entry_slimehenge
Shoals:1: layout_shoals, lemuel_altar_in_water, uniq_josephine
Shoals:2: layout_shoals
Shoals:3: layout_shoals, nicolae_shoals_isolated_beach, uniq_polyphemus
Orc:1:    layout_diamond_mine, mines1_david
Orc:2:    st_orc_congregation, layout_caves, special_room, bloody_makhleb

Skill      XL: |  1  2  3  4  5  6  7  8  9 10 11 12 13 14 15 16 |
---------------+-------------------------------------------------+-----
Armour         | 4 5 6 7 8 9 11 12 13 14 16 | 16.6
Fighting       | 4 5 6 7 8 9 11 12 13 14 16 | 16.6
Shields        | 4 5 6 7 8 9 11 12 13 14 15 | 15.8
Maces & Flails | 3 4 5 6 8 9 10 12 13 14 | 14.0
Invocations    | 1 2 3 4 6 7 8 9 10 11 | 11.0
Dodging        | 5 7 |  7.4
Evocations     | 4 6 |  6.2

Action                   |  1- 3 |  4- 6 |  7- 9 | 10-12 | 13-15 | 16-18 || total
-------------------------+-------+-------+-------+-------+-------+-------++-------
Melee: Flail             |    91 |     5 |       |   417 |  1556 |   369 ||  2438
       Headbutt          |    10 |    25 |    39 |   163 |   456 |    92 ||   785
       Morningstar       |       |   162 |   229 |   345 |       |       ||   736
Invok: Heroism           |       |       |     3 |     9 |    12 |     5 ||    29
       Finesse           |       |       |       |     2 |     6 |     2 ||    10
Evoke: Wand              |       |       |       |     2 |     3 |     2 ||     7
 Stab: Petrified         |       |       |       |       |       |     3 ||     3
  Eat: Chunk             |     1 |     5 |     5 |    22 |    30 |     3 ||    66
       Ration            |       |       |       |       |       |     1 ||     1
Armor: Scale mail        |    40 |    83 |    18 |       |       |       ||   141
       Plate armour      |       |       |   119 |   348 |   657 |   208 ||  1332
Dodge: Dodged            |    19 |    59 |    57 |   146 |   345 |   139 ||   765
       Deflected         |       |       |       |       |       |     1 ||     1
Block: Shield            |    50 |    99 |   124 |   387 |   889 |       ||  1549
       Large shield      |       |       |       |       |   165 |   524 ||   689
